[Event "German-ch Blitz Women 2022"]
[Site "Magdeburg"]
[Date "2022.08.13"]
[Round "21.11"]
[White "Braun, Kristin"]
[Black "Kunze, Kerstin"]
[Result "1/2-1/2"]
[ECO "C50"]
[WhiteElo "1897"]
[BlackElo "2020"]
[Annotator "TA"]
[PlyCount "92"]
[EventDate "2022.08.10"]
[EventType "tourn"]
[EventCountry "GER"]
[SourceTitle "playchess.com"]
[Source "ChessBase"]
[SourceQuality "1"]
[TimeControl "180+2"]

1. e4 e5 2. Nf3 Nc6 3. Bc4 Nf6 4. d3 Bc5 5. c3 O-O 6. Nbd2 a6 {[%emt 0:00:05] C54: Giuoco Piano: 4 c3 Nf6, main lines with 5 d4 and 5 d3.} 7. h3 b5 8. Bb3 Bb7 {[%emt 0:00:03] The position is equal.} 9. Nf1 d5 {[%emt 0:00:07] [#]} 10. Ng3 $146 ({Predecessor:} 10. exd5 Nxd5 11. Ng3 h6 12. O-O {½-½ (13) Rekhson,V-Yearwood,R (2072) Edmonton 2005}) 10... dxe4 11. dxe4 Qxd1+ (11... Na5 {keeps more tension.} 12. Qe2 Nxb3 13. axb3 Re8) 12. Bxd1 Rfe8 13. Bc2 b4 14. Bd2 a5 15. Ba4 Nd7 16. O-O Nb6 17. Bb5 Red8 18. Rad1 (18. cxb4 $16 Nxb4 19. Rac1) 18... Na7 $11 19. Be2 f6 20. Nf5 (20. cxb4 $11 axb4 21. Rc1) 20... Bxe4 $17 21. Ne3 (21. Ng3 $17 {might work better.} Bd5 22. Rc1) 21... Rd7 (21... Bd3 $19 22. Bxd3 Rxd3) 22. Nc4 Rad8 {[%emt 0:00:18][%cal Ba8d8,Bd8d2,Bd2b2][%mdl 32] [#] aiming for ...Nxc4.} 23. Ne3 (23. cxb4 $17 axb4 24. Rc1) 23... Bxf3 $19 24. Bxf3 Rxd2 25. Rxd2 Rxd2 26. cxb4 Bxe3 27. fxe3 (27. bxa5 $142 Bd4 28. axb6 cxb6 29. Kh2) 27... axb4 28. Rc1 c6 29. Bxc6 Rxb2 30. e4 Rxa2 {[%emt 0:00:03] [#] And now ...b3 would win.} 31. Bd5+ Nxd5 32. exd5 {[%emt 0:00:01][%mdl 4096] Endgame KRN-KR} Rd2 {[%emt 0:00:04] Threatens to win with ...b3.} 33. Rb1 Rd4 {[%emt 0:00:03] White must now prevent ...Nb5.} 34. d6 Kf7 35. d7 Ke7 36. Kf2 Kxd7 {[%emt 0:00:01] Strongly threatening ...Nb5.} 37. Ke3 Kd6 38. g4 Nc6 39. h4 Kd5 40. g5 fxg5 41. hxg5 Re4+ 42. Kf3 Rd4 43. Ke3 e4 {[%emt 0:00:01] Black mates.} 44. Rf1 Rd3+ 45. Ke2 Rf3 46. Rd1+ Nd4+ {[%emt 0:00:05][%mdl 32768] Weighted Error Value: White=1.23/Black=0.37. An unexpected result.} 1/2-1/2

[Event "German-ch Blitz Women 2022"]
[Site "Magdeburg"]
[Date "2022.08.13"]
[Round "21.12"]
[White "Skibbe, Diana"]
[Black "Rath, Alina"]
[Result "0-1"]
[ECO "B21"]
[WhiteElo "1943"]
[BlackElo "2062"]
[Annotator "NA RC"]
[PlyCount "122"]
[EventDate "2022.08.10"]
[EventType "tourn"]
[EventCountry "GER"]
[SourceTitle "playchess.com"]
[Source "ChessBase"]
[SourceQuality "1"]
[TimeControl "180+2"]

1. e4 c5 2. f4 Nc6 3. Nf3 g6 4. g3 Bg7 5. Bg2 e6 6. O-O d6 7. d3 Nge7 8. c3 d5 9. e5 d4 10. Nbd2 dxc3 11. bxc3 Qxd3 12. Bb2 O-O 13. Qe1 Nf5 14. Qf2 Qe3 15. Rfe1 Qxf2+ 16. Kxf2 Nfe7 17. Ne4 b6 18. Nd6 Ba6 19. Nd2 Rad8 20. N2e4 Na5 21. Bf1 Bxf1 22. Kxf1 Nf5 23. Nxf5 gxf5 24. Nd6 Rd7 25. Rad1 Rfd8 26. Ke2 Bf8 27. h3 Bxd6 28. exd6 Rxd6 29. Rxd6 Rxd6 30. g4 fxg4 31. Rg1 Kf8 32. hxg4 Nc4 33. Bc1 Rd5 34. Rh1 Kg7 35. a4 f6 36. Rh3 e5 37. f5 Nd6 38. Bh6+ Kf7 39. Be3 Kg8 40. Rh6 Ne8 41. g5 Rd6 42. g6 hxg6 43. Rxg6+ Kf7 44. Bh6 a6 45. Rg1 b5 46. axb5 axb5 47. Ra1 Rd7 48. Ra5 Rb7 49. Ra1 Nd6 50. Rf1 b4 51. cxb4 cxb4 52. Rd1 Nxf5 53. Bc1 Nd4+ 54. Kd3 Ne6 55. Kc4 b3 56. Bb2 Ng5 57. Rf1 Kg6 58. Rg1 Kf5 59. Rf1+ Ke6 60. Rf2 Ne4 61. Rf1 Nd2+ 0-1

[Event "German-ch Blitz Women 2022"]
[Site "Magdeburg"]
[Date "2022.08.13"]
[Round "22.1"]
[White "Paehtz, Elisabeth"]
[Black "Rath, Alina"]
[Result "1/2-1/2"]
[ECO "D00"]
[WhiteElo "2484"]
[BlackElo "2062"]
[Annotator "TA"]
[PlyCount "87"]
[EventDate "2022.08.10"]
[EventType "tourn"]
[EventCountry "GER"]
[SourceTitle "playchess.com"]
[Source "ChessBase"]
[SourceQuality "1"]
[TimeControl "180+2"]

1. d4 d5 2. Bf4 Nf6 3. e3 e6 4. Nd2 c5 5. c3 Bd6 6. Ngf3 {[%emt 0:00:04] D00: 1 d4 d5: Unusual lines.} Bxf4 7. exf4 cxd4 8. Nxd4 {[%emt 0:00:01] The position is equal.} O-O 9. Bd3 Nc6 10. N2f3 Qc7 11. g3 b6 12. Nxc6 Qxc6 13. Nd4 Qc7 14. O-O Bb7 15. Qe2 {[%emt 0:00:04] [#]} Rfe8 $146 ({Predecessor:} 15... Rac8 16. Rae1 Rfe8 17. Bb1 Qc4 18. Qd1 Ba6 19. f3 Qc5 20. Rf2 g6 21. Kg2 Bb7 {1-0 (50) Paehtz,E (2487)-Chernyak,V (2186) St Petersburg 2018}) 16. Rfe1 a6 17. a4 a5 18. Bb5 Rec8 (18... Nd7 $16) 19. f5 $18 exf5 20. Nxf5 Rd8 21. Qe7 (21. Qe3 $18 {aiming for Qg5.} Ne4 22. Nd4) 21... Qxe7 $14 22. Rxe7 Bc8 23. Nd4 Kf8 24. Rae1 Ne4 $2 (24... Bd7 $11 {and Black stays safe.}) 25. Rc7 $18 {[%emt 0:00:05] And now f3 would win.} Bh3 26. f3 Nd6 {[%emt 0:00:08] [#]} 27. Bc6 (27. g4 $1 $18) 27... Rab8 $2 (27... Rac8 $16 28. Rxc8 Bxc8) 28. Bxd5 $2 (28. g4 $18 {has better winning chances.}) 28... Bd7 29. Bc6 {[%emt 0:00:02] White is much more active.} Bc8 (29... Bxc6 $16 30. Nxc6 Rbc8) 30. Rce7 (30. Ree7 $142) 30... Bb7 31. Kf2 Rdc8 32. Bd7 ({White should try} 32. Bb5 $18) 32... Rd8 33. Nc6 Bxc6 34. Bxc6 Rbc8 35. Bd5 Rc5 {[%emt 0:00:02] Prevents c4.} 36. Bb3 g6 37. R7e5 (37. Ra7 $18) 37... Rxe5 38. Rxe5 $16 {[%emt 0:00:01][%mdl 4096] Endgame KRB-KRN} Rc8 39. Rd5 Ke7 40. Rd4 Nf5 41. Re4+ Kf6 42. g4 Nd6 43. Rd4 Ke5 {[%emt 0:00:02][%mdl 8192] [#]} (43... Ke7 $16 44. Kg3 f6) 44. f4+ {[%emt 0:00:02][%mdl 32768] Weighted Error Value: White=0.31/Black=0.45. An unexpected result.} 1/2-1/2

[Event "German-ch Blitz Women 2022"]
[Site "Magdeburg"]
[Date "2022.08.13"]
[Round "22.2"]
[White "Kunze, Kerstin"]
[Black "Skibbe, Diana"]
[Result "1-0"]
[ECO "C80"]
[WhiteElo "2020"]
[BlackElo "1943"]
[Annotator "TA"]
[PlyCount "75"]
[EventDate "2022.08.10"]
[EventType "tourn"]
[EventCountry "GER"]
[SourceTitle "playchess.com"]
[Source "ChessBase"]
[SourceQuality "1"]
[TimeControl "180+2"]

1. e4 e5 2. Nf3 Nc6 3. Bb5 a6 4. Ba4 Nf6 5. O-O Nxe4 6. Re1 Nc5 7. Nxe5 Nxe5 8. Rxe5+ Be7 9. Bb3 {[%emt 0:00:06] C80: Open Ruy Lopez: Sidelines and 9 Nbd2.} Nxb3 10. axb3 O-O 11. d4 {[%emt 0:00:06] Black has an edge.} d6 12. Re1 Bf6 {[%emt 0:00:02] [#]} 13. Nc3 $146 ({Predecessor:} 13. c3 Be6 14. Be3 Re8 15. Nd2 Bf5 16. Qf3 Qc8 17. Qg3 g6 18. Bg5 Bg7 19. Qh4 {0-1 (40) Charest,J (1808)-Talbot,G (1992) Montreal 1991}) 13... c6 14. Be3 Bf5 15. Rc1 Bg6 16. Qf3 d5 17. Na4 b6 18. h3 Be4 19. Qf4 Qb8 20. Qg4 Bg6 21. Bf4 Qb7 22. c3 Rfe8 23. Qg3 Re4 24. f3 Ree8 25. Rxe8+ Rxe8 26. Re1 Rxe1+ 27. Qxe1 h6 28. Qe8+ Kh7 29. Be5 {[%emt 0:00:05] Threatens to win with Bxf6.} Be7 30. c4 f6 31. Qb8 Qd7 32. Nxb6 Qe6 33. Bg3 (33. Qc8 $5 Bf5 34. Qxe6 Bxe6 35. cxd5 cxd5 36. Bg3 $11) 33... Qe3+ 34. Kh2 (34. Bf2 $11 {keeps the balance.} Qc1+ 35. Kh2) 34... Qxb3 (34... Qxd4 $17 {( -> ...Bc5)} 35. b4 a5 36. cxd5 (36. bxa5 {leads to mate.} Bc5) 36... Bxb4) 35. Qc7 {[%emt 0:00:01] [#] And now c5 would win.} Bb4 (35... dxc4 $1 $11 36. d5 {[#]} cxd5 $1 37. Nxd5 c3 $1 38. Qxe7 Qxd5 39. bxc3 a5) 36. cxd5 $2 (36. c5 $18 {Black must now prevent Nd7.} Be8 37. Qe7 Qxb2 38. Qxe8 Qxd4 39. Bd6 (39. Qxc6 Bxc5 40. h4 Bxb6 $11)) 36... cxd5 (36... Ba5 $17 37. dxc6 Bxb6) 37. Nd7 {[%emt 0:00:01] White wants to mate with Nxf6+.} Be7 38. Nb8 {[%emt 0:00:01][%mdl 32768] Weighted Error Value: White=0.44/Black=0.45. Loss on time!?} 1-0

[Event "German-ch Blitz Women 2022"]
[Site "Magdeburg"]
[Date "2022.08.13"]
[Round "22.3"]
[White "Doll, Rebecca"]
[Black "Braun, Kristin"]
[Result "0-1"]
[ECO "B72"]
[WhiteElo "1933"]
[BlackElo "1897"]
[Annotator "TA"]
[PlyCount "70"]
[EventDate "2022.08.10"]
[EventType "tourn"]
[EventCountry "GER"]
[SourceTitle "playchess.com"]
[Source "ChessBase"]
[SourceQuality "1"]
[TimeControl "180+2"]

1. e4 c5 2. Nf3 d6 3. d4 cxd4 4. Nxd4 Nf6 5. Nc3 g6 6. Be2 Bg7 7. Be3 O-O 8. Qd2 Nc6 9. O-O-O Nxd4 10. Bxd4 Be6 11. f4 {[%emt 0:00:08][%cal Og2g4] B72: Sicilian Dragon: 6 Be3, lines with h3+Bc4 and sidelines.} Rc8 12. Kb1 Qa5 {[%emt 0:00:25][%cal Of6e4] [#] Threatens to win with ...Nxe4!} 13. Nd5 {[%emt 0:01:19] White is slightly better.} Qxd2 {[%emt 0:00:23] [#]} 14. Nxf6+ $146 (14. Nxe7+ {feels hotter.} Kh8 15. Rxd2 Nxe4 16. Bxg7+ Kxg7 17. Rd4) ({Predecessor:} 14. Nxe7+ Kh8 15. Rxd2 Rce8 16. Bxf6 Bxf6 17. Nd5 Bxd5 18. Rxd5 Rxe4 19. Bf3 Rxf4 20. Rxd6 {1-0 (63) Hagarova,Z (2095)-Kalisky,V (2140) Slovakia 1994}) 14... Bxf6 15. Rxd2 Bxd4 16. Rxd4 Rc7 17. g4 Rfc8 18. c3 a6 19. h4 Bc4 20. Bf3 Be6 21. h5 Kg7 22. hxg6 (22. g5 $14 {is more appropriate.}) 22... hxg6 $11 23. f5 Bd7 24. Rhd1 Bc6 25. Be2 {[%emt 0:00:07] [#]} (25. Rh1 $15) 25... Rh8 $1 $17 26. g5 Rh4 (26... Rh2 $17 27. Bc4 Rg2 28. f6+ exf6 29. gxf6+ Kxf6 30. Rxd6+ Ke5) 27. f6+ Kf8 (27... exf6 $17 28. gxf6+ Kh6) 28. fxe7+ (28. e5 $1 $14 {keeps the upper hand.} Rxd4 29. Rxd4) 28... Rxe7 29. Rxd6 Bxe4+ 30. R6d3 $2 {[%mdl 8192] This costs White the game.} Bxd3+ $19 31. Bxd3 Rg4 {[%emt 0:00:00] Inhibits Rg1.} 32. Kc2 Rxg5 33. Bf1 Rf5 34. Bg2 Rf2+ 35. Rd2 Ree2 {[%emt 0:00:00] Weighted Error Value: White=1.00/Black=0.16 (very precise)} 0-1

[Event "German-ch Blitz Women 2022"]
[Site "Magdeburg"]
[Date "2022.08.13"]
[Round "22.4"]
[White "Wulf, Constanze"]
[Black "Grabowski, Petra"]
[Result "1-0"]
[ECO "A05"]
[WhiteElo "1835"]
[BlackElo "1643"]
[Annotator "NA RC COMBH"]
[PlyCount "161"]
[EventDate "2022.08.10"]
[EventType "tourn"]
[EventCountry "GER"]
[SourceTitle "playchess.com"]
[Source "ChessBase"]
[SourceQuality "1"]
[TimeControl "180+2"]

1. Nf3 Nf6 2. b3 g6 3. Bb2 Bg7 4. e3 O-O 5. c4 d6 6. Be2 Bg4 7. h3 Bxf3 8. Bxf3 c6 9. d4 Nbd7 10. O-O Rb8 11. Nc3 e5 12. Re1 Qc7 13. Qc2 Rfe8 14. Rad1 exd4 15. exd4 Nb6 16. Ne4 Nxe4 17. Bxe4 Rbd8 18. Bf3 d5 19. Rxe8+ Rxe8 20. cxd5 Rd8 21. dxc6 bxc6 22. Qxc6 Qf4 23. Qe4 Qd6 24. Ba1 Qb4 25. Qe3 Nd7 26. d5 Nb6 27. Bxg7 Kxg7 28. Qe5+ Kg8 29. Qc7 Qd6 30. Qxa7 Rd7 31. Qa5 h5 32. a4 Rd8 33. Qb5 Rb8 34. Qd3 Rd8 35. Qd4 Rb8 36. a5 Nd7 37. Qc4 Ne5 38. Qe4 Rxb3 39. Ra1 Rb4 40. Qe2 Rb8 41. Qd1 Nc4 42. a6 Ra8 43. Qd4 Ne5 44. Be2 Nd7 45. Ra2 Nb6 46. Qe4 Qxd5 47. Qxd5 Nxd5 48. Bf3 Rd8 49. Rd2 Rd6 50. Rxd5 Rxa6 51. Kf1 Ra1+ 52. Ke2 Kf8 53. Ke3 Ke7 54. Rb5 Ra3+ 55. Kf4 Ra4+ 56. Kg3 Ra3 57. Re5+ Kf6 58. Re3 Kg7 59. Rxa3 Kf6 60. Ra6+ Kg7 61. Kf4 Kh6 62. g4 Kg7 63. gxh5 gxh5 64. Bxh5 Kf8 65. Ra7 Kg7 66. Rxf7+ Kh6 67. Bd1 Kg6 68. Ra7 Kf6 69. h4 Kg6 70. Kg4 Kh6 71. f4 Kg6 72. f5+ Kf6 73. h5 Ke5 74. h6 Kd6 75. h7 Ke5 76. h8=Q+ Ke4 77. Qe8+ Kd3 78. Rd7+ Kc4 79. Qc8+ Kb5 80. Rb7+ Ka6 81. Qa8# 1-0

[Event "German-ch Blitz Women 2022"]
[Site "Magdeburg"]
[Date "2022.08.13"]
[Round "22.5"]
[White "Stangl, Anita"]
[Black "Khrapko, Marharyta"]
[Result "1-0"]
[ECO "B32"]
[WhiteElo "2023"]
[BlackElo "2128"]
[Annotator "NA RC"]
[PlyCount "107"]
[EventDate "2022.08.10"]
[EventType "tourn"]
[EventCountry "GER"]
[SourceTitle "playchess.com"]
[Source "ChessBase"]
[SourceQuality "1"]
[TimeControl "180+2"]

1. e4 c5 2. Nf3 Nc6 3. d4 cxd4 4. Nxd4 e5 5. Nf3 Nf6 6. Bd3 d5 7. exd5 Qxd5 8. O-O Bb4 9. c3 Be7 10. c4 Qd6 11. Nc3 Bg4 12. h3 Bh5 13. Be2 Qb8 14. Bg5 O-O 15. Bxf6 Bxf6 16. Nd5 Bd8 17. Qd2 Kh8 18. Rfe1 f5 19. Nxe5 Nxe5 20. Bxh5 Nxc4 21. Qc3 b5 22. b3 Ba5 23. b4 Bb6 24. Bf3 Bd8 25. Ne7 Qd6 26. Nxf5 Rxf5 27. Bxa8 Rf8 28. Rad1 Qb6 29. Bf3 Bh4 30. Qd4 Qxd4 31. Rxd4 h6 32. Rxh4 Nd2 33. Bc6 a6 34. Re8 Rxe8 35. Bxe8 Nc4 36. Rd4 Kh7 37. Bc6 Kg6 38. Bb7 Na3 39. Bxa6 Nc2 40. Re4 Kf5 41. f3 Na3 42. Re7 g5 43. Rb7 h5 44. Bxb5 h4 45. Bd3+ Kf4 46. b5 Kg3 47. Rg7 Kf4 48. b6 Ke3 49. b7 Kxd3 50. b8=Q Nc4 51. Qb3+ Kd2 52. Qxc4 g4 53. Rd7+ Ke3 54. Qe4# 1-0

[Event "German-ch Blitz Women 2022"]
[Site "Magdeburg"]
[Date "2022.08.13"]
[Round "22.6"]
[White "Falke, Ornella"]
[Black "Daemering, Katrin"]
[Result "1/2-1/2"]
[ECO "B50"]
[WhiteElo "1912"]
[BlackElo "1965"]
[Annotator "TA"]
[PlyCount "130"]
[EventDate "2022.08.10"]
[EventType "tourn"]
[EventCountry "GER"]
[SourceTitle "playchess.com"]
[Source "ChessBase"]
[SourceQuality "1"]
[TimeControl "180+2"]

1. e4 c5 2. Nf3 d6 3. g3 a6 4. Bg2 Nc6 5. d3 g6 6. O-O Bg7 7. Re1 {B28: Sicilian: 2 Nf3 a6 (O'Kelly Variation).} e6 8. Nbd2 Nge7 9. c3 O-O 10. Nf1 {[#]} h6 $146 ({Predecessor:} 10... b5 11. h4 b4 12. d4 bxc3 13. bxc3 Rb8 14. N1h2 cxd4 15. cxd4 Bd7 16. Ba3 Nc8 {0-1 (38) Mikula,M (1567)-Goga,F (1885) Liptovsky Jan 2022}) 11. Be3 f5 12. Qd2 Kh7 13. Rad1 (13. exf5 $11 Nxf5 14. Qe2) 13... Rb8 (13... e5 $1 $15) 14. h4 (14. exf5 $14 Nxf5 15. d4) 14... b5 (14... e5 $1 $15) 15. N3h2 (15. exf5 $14 Nxf5 16. d4) 15... Bb7 16. d4 cxd4 17. cxd4 Na5 18. Bf4 fxe4 (18... Nc4 {looks sharper.} 19. Qe2 fxe4 20. b3 Nd5) 19. Bxd6 $2 Qxd6 $19 20. Qxa5 Bxd4 21. Ne3 Qc5 (21... Rxf2 22. Rxd4 Rxg2+ 23. Kxg2 $15) (21... Rbd8 $19 {[%cal Of8f2] ...Rxf2! is the strong threat.} 22. Re2 Rf7) 22. Rc1 $17 Qd6 (22... Qe5 $15 23. Nhg4 Qg7) 23. Qd2 (23. Rcd1 $1 $11) 23... Rbd8 $36 {[%mdl 2048] White is under strong pressure.} 24. Nhg4 (24. Nhf1 $17 {keeps fighting.}) 24... h5 $19 25. Nh2 Nf5 26. Nxf5 $2 (26. Nhf1) 26... exf5 (26... gxf5 $2 27. Qg5 $19) 27. Qg5 (27. Kh1 $142) 27... Rd7 28. Nf1 Qb6 29. Ne3 Bf6 {A strong pair of Bishops.} 30. Qf4 a5 $2 (30... Bxb2 $2 31. Red1 Rxd1+ 32. Rxd1) (30... Qe6 $19 {Strongly threatening ...Be5.} 31. Rc5 Bxb2) 31. Red1 $17 Rfd8 (31... Rxd1+ $17 32. Rxd1 Kg7) 32. Rxd7+ $11 Rxd7 33. Bf1 (33. Nxf5 $1 $11 {was the only way to keep the balance.} Kg8 34. Ne3) 33... Qd4 $2 (33... Kg7 $17 34. Rc2 Bd4) 34. Rc2 $2 (34. Rd1 $1 $18 Qxd1 35. Nxd1) 34... Be5 $17 35. Qg5 Bf6 ({Black should play} 35... Bg7 $17 {Hoping for ...Rf7.} 36. Nxf5 (36. Bxb5 $2 Bh6 $19) 36... gxf5 37. Qxh5+ Kg8 38. Qxf5 (38. Qe8+ $2 Bf8 $19) 38... Qd1) 36. Qf4 $1 $11 b4 37. Qb8 $2 (37. Rc7 $11 Rg7 38. Rxg7+ Bxg7 39. Qc7) 37... f4 $2 (37... Be5 $19 38. Qf8 Bxg3 $1 39. fxg3 Qxe3+ 40. Kh2 Qd4) 38. Qxf4 Rf7 (38... Qe5 $11 {keeps the balance.}) 39. Rc7 $16 Rxc7 (39... Rg7 $16) 40. Qxc7+ $18 Bg7 41. Qxb7 a4 42. Bb5 a3 43. bxa3 bxa3 44. Qd7 Qa1+ 45. Kg2 Qxa2 46. Bc4 $2 (46. g4 $18 {has better winning chances.} Qb2 47. Bc4) 46... Qd2 47. Qf7 (47. Qxd2 $142 a2 48. Bxa2 Bh8 49. Qd6 Bc3 50. Bf7 Kg7 51. Qxg6+ Kf8 52. Nf5 Bh8 53. Qg8#) 47... Qd6 48. Qg8+ Kh6 49. Ba2 (49. g4 $142 hxg4 50. Nxg4+ Kh5 51. Kh3 Qh2+ 52. Nxh2 Kh6 53. Ng4+ Kh5 54. Qxg7 g5 55. Qxg5#) 49... Qf6 50. Qd5 Qf3+ 51. Kf1 $2 ({White has to play} 51. Kg1 $18) 51... Bc3 $2 (51... Qh1+ $11 52. Ke2 Qf3+ 53. Kf1 (53. Ke1 $2 Bc3+ $19) 53... Qh1+ 54. Ke2 Qf3+ 55. Kf1 (55. Ke1 {gets mated.} Bc3+)) 52. Qc4 $4 (52. Kg1 $18) 52... Bg7 $4 (52... Qh1+ {and life is good for Black.} 53. Ke2 Qe1#) 53. Qb3 (53. Kg1 $142) 53... Qh1+ 54. Ke2 {[%cal Oe3f5] White wants to mate with Nf5+!} Bb2 $2 {[#]} (54... Qf3+ $18 55. Ke1 Bb2) 55. Nc4 (55. Nf5+ $142 $1 gxf5 56. Qe6+ Kg7 57. Qg8+ Kh6 58. Qg5+ Kh7 59. Qxf5+ Kg7 60. Qf7+ Kh6 61. Qf8+ Bg7 62. Qf4+ Kh7 63. Qf5+ Kh6 64. Qg5+ Kh7 65. Qxh5+ Bh6 66. Qf5+ Kh8 67. Qc8+ Bf8 68. Qxf8+ Kh7 69. Bg8+ Kh8 70. Be6+ Kh7 71. Bf5#) 55... Qf3+ 56. Qxf3 exf3+ 57. Kxf3 Kg7 58. Ke2 (58. Nxb2 $142 Kf6 {[#]} 59. Kf4 $1 axb2 60. f3 Kg7 61. Kg5 Kf8 62. Kxg6 Ke7 63. Bb1) 58... Kf6 59. Nxb2 axb2 {KB-K3P} 60. Kd2 Kf5 61. Kc2 Kg4 62. Kxb2 $2 (62. Bd5 {mates} Kf5 63. Kxb2 Ke5 64. Bc6 Kf6 65. Kc3 Kg7 66. Kd4 Kf7 67. Ke5) 62... Kf3 $11 {The position is equal.} 63. Bf7 Kxf2 64. Bxg6 {Threatening mate with g4.} Kxg3 65. Bxh5 Kxh4 {Weighted Error Value: White=1.05/Black=1.22} 1/2-1/2

[Event "German-ch Blitz Women 2022"]
[Site "Magdeburg"]
[Date "2022.08.13"]
[Round "22.7"]
[White "Kosovska, Olena"]
[Black "Muetsch, Annmarie"]
[Result "0-1"]
[ECO "B07"]
[WhiteElo "1831"]
[BlackElo "2249"]
[Annotator "TA"]
[PlyCount "130"]
[EventDate "2022.08.10"]
[EventType "tourn"]
[EventCountry "GER"]
[SourceTitle "playchess.com"]
[Source "ChessBase"]
[SourceQuality "1"]
[TimeControl "180+2"]

1. e4 d6 2. d4 Nf6 3. Nc3 e5 4. dxe5 dxe5 5. Qxd8+ Kxd8 6. Nf3 Bd6 7. Bg5 Be6 8. O-O-O Nbd7 9. Nd5 {[%emt 0:00:08] B07: Pirc Defence: Miscellaneous Systems.} Bxd5 10. exd5 {[%emt 0:00:06] [#]} Re8 $146 ({Predecessor:} 10... h6 11. Bh4 g5 12. Bg3 Nh5 13. Bd3 Ke7 14. Rhe1 f6 15. Nd4 Nc5 16. Bc4 Kf7 {1-0 (37) Kraai,J (2429)-Konenkin,D (2267) Chess.com INT 2020}) 11. Bb5 {[%emt 0:00:05] White has an edge.} e4 12. Nd4 Re5 {[%emt 0:00:12][%csl LRd5,LRg5] Prevents Nf5.} 13. Bxf6+ Nxf6 14. c4 Ng4 15. Rd2 Rh5 {[%emt 0:00:15] [#] Hoping for ...Bf4.} 16. Re2 Nf6 (16... Be5 {looks sharper.} 17. Rd1 e3 18. fxe3 a6) 17. h3 a6 18. Ba4 Be5 19. Nc2 (19. Rd1 $14) 19... b5 $36 {[%emt 0:00:12][%mdl 2048] White is under pressure.} 20. Bb3 Rb8 (20... Ke7 $11) 21. Nb4 $1 $14 {[%emt 0:00:02] aiming for Nc6+.} Kc8 (21... Ra8 $14 {is superior.}) 22. Nxa6 (22. c5 {with more complications.} Kb7 23. Nc6 Bf4+ 24. Kb1) 22... Rb6 23. Nb4 {[%emt 0:00:02][%mdl 8192] [#] Loses the game.} (23. cxb5 $14 Rxb5 24. Bc4) 23... bxc4 $19 24. Bxc4 Rxb4 25. Ba6+ Kd7 26. b3 Rb6 27. Bc4 Kd6 28. Rd1 Rg5 29. g3 h5 30. Kc2 h4 31. gxh4 Rh5 32. Rg1 g6 33. Re3 Rxh4 34. Rge1 Bf4 35. R3e2 Rxh3 36. a4 Rb7 37. a5 Rh5 38. Rd1 Re5 39. a6 Ra7 40. b4 Nd7 41. Rde1 (41. Kb3 $142) 41... f5 {[%emt 0:00:03] Strongly threatening ...Nb6.} 42. Kb3 Nb6 43. Ra1 Nxc4 44. Kxc4 Rxd5 45. b5 Be5 46. Raa2 Rd4+ 47. Kb3 Kc5 48. Rec2+ Kxb5 {[%emt 0:00:02] Black mates.} 49. Rc1 Rb4+ 50. Kc2 Rxa6 51. Rxa6 Kxa6 {[%emt 0:00:01] KRB-KR} 52. Kd2 Kb5 53. Ke3 c5 54. Rd1 Rb3+ 55. Ke2 Kc6 56. Rd8 Bd4 57. Rg8 Rb2+ 58. Kd1 Rxf2 59. Rxg6+ Kd5 60. Rg8 f4 61. Rd8+ Kc4 62. Ke1 Ra2 63. Rf8 f3 64. Re8 Kd3 65. Rd8 Ra1# {[%emt 0:00:02] Weighted Error Value: White=0.59/Black=0.17 (very precise)} 0-1

[Event "German-ch Blitz Women 2022"]
[Site "Magdeburg"]
[Date "2022.08.13"]
[Round "22.8"]
[White "Leveikina, Jevgenija"]
[Black "Zhou, Lepu Coco"]
[Result "1-0"]
[ECO "D20"]
[WhiteElo "2061"]
[BlackElo "1986"]
[Annotator "NA RC"]
[PlyCount "79"]
[EventDate "2022.08.10"]
[EventType "tourn"]
[EventCountry "GER"]
[SourceTitle "playchess.com"]
[Source "ChessBase"]
[SourceQuality "1"]
[TimeControl "180+2"]

1. d4 d5 2. c4 dxc4 3. e3 Nf6 4. Bxc4 e6 5. Nf3 a6 6. Nc3 b5 7. Be2 Bb7 8. O-O Nbd7 9. a3 c5 10. dxc5 Bxc5 11. b4 Bb6 12. Bb2 O-O 13. Qb3 Rc8 14. Rfd1 Qc7 15. Rac1 Qb8 16. a4 bxa4 17. Nxa4 Ba7 18. Nd4 Bd5 19. Qa3 Nb6 20. Bxa6 Nc4 21. Qa1 Nxb2 22. Qxb2 Rxc1 23. Rxc1 Ng4 24. g3 Ne5 25. Be2 Rc8 26. Rxc8+ Qxc8 27. Nb5 Bb8 28. Nb6 Qb7 29. Nxd5 Qxd5 30. Qd4 Nc6 31. Qxd5 exd5 32. Nc3 Nxb4 33. Bf3 f5 34. Bxd5+ Nxd5 35. Nxd5 Kf7 36. f3 Ke6 37. Nb4 g5 38. Kf2 f4 39. e4 Ba7+ 40. Kg2 1-0

[Event "German-ch Blitz Women 2022"]
[Site "Magdeburg"]
[Date "2022.08.13"]
[Round "22.9"]
[White "Heil, Marina"]
[Black "Nikolaeva, Mariya A"]
[Result "0-1"]
[ECO "A16"]
[WhiteElo "1926"]
[BlackElo "1309"]
[Annotator "TA"]
[PlyCount "62"]
[EventDate "2022.08.10"]
[EventType "tourn"]
[EventCountry "GER"]
[SourceTitle "playchess.com"]
[Source "ChessBase"]
[SourceQuality "1"]
[TimeControl "180+2"]

1. c4 Nf6 2. Nc3 g6 3. d3 Bg7 4. g3 d6 5. Bg2 e5 6. e4 O-O 7. Nge2 Nbd7 8. O-O Ne8 {[%emt 0:00:02] A24: English Opening vs King's Indian: Lines without ...Nc6.} 9. f4 f5 (9... a6 $14 {deserves consideration.}) 10. exf5 $16 {[%emt 0:00:11] [#]} gxf5 $146 {[%emt 0:00:05] White is better.} ({Predecessor:} 10... Rxf5 11. Be4 Rf8 12. fxe5 Rxf1+ 13. Qxf1 Nxe5 14. Bf4 c6 15. Kh1 Nc7 16. Bxe5 Bxe5 {½-½ (38) Tokranova,E (1243)-Morote,L (1347) Mamaia 2017}) 11. Nd5 c6 {[%emt 0:00:04] [#]} 12. Ndc3 (12. Ne3 $1 $16) 12... Ndf6 $11 13. fxe5 dxe5 14. Bg5 h6 15. Bh4 Nc7 (15... Qb6+ {keeps more tension.} 16. d4 Ng4 17. Qd2 Nd6) 16. Rb1 (16. d4 $11) 16... a5 (16... Qd6 $15) 17. Na4 Be6 18. Nc5 Bc8 19. a3 (19. d4 $142) 19... Qe8 20. b4 (20. Qd2 $11) 20... b6 ({Black should try} 20... axb4 $15 21. axb4 Ne6) 21. Na4 axb4 22. Nxb6 (22. Rxb4 c5 23. Nxb6 cxb4 $15) 22... Rxa3 23. Rxb4 (23. Bxf6 $11 Rxf6 24. Nxc8 Qxc8 25. Rxb4) 23... Na6 (23... Qe7 24. Rb1 $11) (23... Ng4 $15 24. Nxc8 Qxc8) 24. Rb1 (24. Rb3 $1 $14 Rxb3 25. Qxb3) 24... Nc5 $36 {[%emt 0:00:05][%mdl 2048] Black is pushing.} 25. d4 (25. Nxc8 $5 Rxd3 26. Qc2 (26. Nd6 Qe6 $17) 26... Qxc8 27. Nc1 $15) 25... Rd3 (25... exd4 $5 26. Nxc8 (26. Nxd4 $2 Rd3 $19) (26. Qxd4 Nfe4 $17) 26... Qxc8 $15) 26. Qc2 exd4 27. Nf4 Qe3+ 28. Kh1 $2 (28. Qf2 $11 {and White has nothing to worry.} Rd2 29. Qxe3 dxe3 30. Rfe1) 28... Rd2 $19 29. Qc1 {[%emt 0:00:12] [#] Black must now prevent Rf3.} Ng4 30. Qe1 Nf2+ $2 (30... Ne4 $19 31. Qxe3 Nxe3 32. Nxc8 Rxc8) 31. Rxf2 $1 $11 Qxf2 $2 {[%emt 0:00:21][%mdl 32768] Weighted Error Value: White=0.47/Black=0.52. Loss on time!?} (31... Qxe1+ $11 32. Rxe1 Rxf2) 0-1